Map: Thunderbird LE

Players

Death

  • Race: Zerg Zerg
  • League: Silver
  • Spawn Location: 5:00

Mahnal - Winner!

  • Race: Protoss Protoss
  • League: Silver
  • Spawn Location: 11:00

VOD

Have the link to the VOD?

Description

Time

  • Played on: July 16, 2019, 11:48 p.m.
  • Length: 21:10
Show
View Real Time Build Order
Export as new Build Order

Death Zerg 

Build Orders: Pool First 

Get SALT Encoding   

  12  0:04  Drone  
  13  0:13  Overlord  
  13  0:32  Spawning Pool  
  12  0:40  Drone  
  12  0:41  Drone  
  14  0:47  Drone  
  15  1:10  Drone  
  16  1:14  Drone  
  16  1:16  Hatchery  
  16  1:21  Extractor  
  15  1:27  Queen  
  15  1:32  Drone  
  18  1:37  Drone  
  19  1:41  Drone  
  20  1:48  Drone  
  21  2:17  Drone  
  21  2:20  Overlord  
  21  2:21  Overlord  
  22  2:28  Queen  
  24  2:30  Drone x2  
  26  2:56  Zergling x8  
  26  2:57  Zergling x2  
  31  3:15  Metabolic Boost  
  31  3:24  Drone x3  
  31  3:25  Drone x3  
  37  3:35  Overlord  
  37  3:36  Overlord  
  37  3:38  Drone x3  
  40  3:44  Extractor x2  
  40  3:46  Drone  
  39  3:49  Drone  
  38  4:28  Lair  
  35  4:42  Drone x4  
  35  4:43  Drone x2  
  41  4:47  Queen  
  43  5:10  Spore Crawler x2  
  43  5:12  Spore Crawler  
  40  5:27  Drone  
  40  5:28  Drone x5  
  46  5:30  Spore Crawler  
  46  5:34  Spore Crawler x2  
  43  5:42  Hydralisk Den  
  42  5:45  Hatchery  
  41  6:12  Hydralisk x6  
  53  6:36  Drone x3  
  53  6:37  Drone x3  
  59  6:46  Drone, Evolution Chamber  
  59  6:47  Overlord x2  
  59  6:48  Overlord  
  59  6:59  Drone x5  
  59  7:00  Drone  
  65  7:05  Queen  
  67  7:31  Hydralisk  
  67  7:32  Hydralisk x6  
  67  7:35  Overlord  
  67  7:36  Overlord x2  
  81  7:44  Zerg Missile Weapons Level 1  
  81  7:56  Hydralisk x4  
  81  7:57  Hydralisk  
  91  8:03  Hydralisk  
  93  8:14  Zergling x18  
  93  8:19  Baneling Nest  
  101  8:27  Hydralisk  
  101  8:28  Hydralisk  
  101  8:30  Overlord  
  101  8:31  Overlord  
  105  8:51  Spire  
  105  8:54  Extractor  
  103  9:02  Infestation Pit  
  103  9:04  Drone x2  
  103  9:05  Drone x7  
  111  9:25  Hydralisk x4  
  111  9:28  Zergling x6  
  111  9:30  Overlord x3  
  111  9:31  Overlord  
  122  9:39  Zerg Ground Armor Level 1  
  122  9:52  Extractor  
  122  9:54  Extractor  
  122  9:58  Hive  
  120  10:08  Grooved Spines  
  120  10:11  Hydralisk x2  
  124  10:16  Drone x5  
  129  10:31  Drone  
  129  10:32  Drone x3  
  133  11:04  Hydralisk x6  
  133  11:05  Hydralisk x3  
  151  11:12  Baneling x5  
  151  11:13  Baneling x7  
  149  11:31  Corruptor x2  
  130  12:06  Corruptor x3  
  130  12:07  Corruptor  
  138  12:13  Corruptor  
  140  12:29  Spore Crawler  
  139  12:31  Spore Crawler  
  139  12:32  Spore Crawler  
  139  12:35  Spore Crawler  
  136  13:01  Zergling x2  
  136  13:02  Zergling x16  
  136  13:05  Hatchery  
  144  13:18  Queen  
  82  14:19  Hydralisk  
  82  14:20  Hydralisk x14  
  85  14:36  Hydralisk x3  
  91  14:49  Zerg Missile Weapons Level 2  
  91  14:56  Hydralisk  
  91  14:57  Hydralisk x5  
  103  15:23  Extractor  
  103  15:25  Extractor  
  103  15:27  Hydralisk x3  
  103  15:28  Hydralisk x7  
  121  16:11  Corruptor x3  
  121  16:12  Corruptor x2  
  121  16:13  Zergling x4  
  121  16:14  Zergling x10  
  138  16:29  Queen  
  140  16:38  Hydralisk  
  140  16:39  Hydralisk x5  
  148  16:43  Overlord  
  148  16:44  Overlord  
  152  16:50  Zerg Flyer Weapons Level 1  
  152  17:04  Zerg Ground Armor Level 2  
  152  17:34  Infestor x2  
  152  17:35  Infestor  
  158  17:44  Corruptor x2  
  158  17:45  Corruptor x2  
  158  17:48  Zergling x4  
  168  17:52  Overlord x4  
  120  18:22  Neural Parasite  
  120  18:35  Hydralisk x4  
  120  18:36  Hatchery, Hydralisk x5  
  137  18:45  Zerg Flyer Armor Level 1  
  137  19:25  Corruptor x5  
  137  19:26  Corruptor  
  137  19:28  Zergling x4  
  137  19:29  Zergling x2  
  152  20:10  Drone x8  
  152  20:11  Drone  
  50  20:45  Hydralisk x7  
Show
View Real Time Build Order
Export as new Build Order

Mahnal Protoss - Winner!

Build Orders: Carriers 

Get SALT Encoding   

  1  0:00  Probe  
  12  0:06  Probe  
  14  0:19  Pylon  
  14  0:21  Probe  
  15  0:37  Probe  
  15  0:38  Gateway  
  16  1:00  Assimilator  
  16  1:06  Assimilator, Probe  
  17  1:14  Probe  
  17  1:23  Probe  
  18  1:28  Cybernetics Core  
  19  1:35  Probe  
  20  1:47  Probe  
  21  1:54  Zealot  
  23  2:09  Pylon  
  23  2:12  Stargate  
  23  2:27  Zealot, Probe  
  26  2:39  Probe  
  27  2:45  Nexus  
  27  2:51  Probe  
  27  2:52  Pylon  
  27  2:58  Pylon  
  28  3:01  Assimilator  
  28  3:03  Probe  
  28  3:04  Assimilator  
  29  3:15  Probe  
  30  3:24  Void Ray  
  34  3:33  Forge  
  34  3:44  Pylon  
  34  3:49  Probe  
  35  3:57  Probe  
  36  4:06  Probe  
  37  4:11  Protoss Air Weapons Level 1  
  33  4:18  Probe  
  31  4:30  Probe  
  29  4:32  Probe  
  30  4:40  Probe  
  30  4:42  Void Ray  
  35  4:45  Probe  
  35  4:50  Probe  
  37  4:54  Probe  
  38  5:02  Probe  
  38  5:03  Probe  
  40  5:11  Pylon  
  40  5:12  Probe  
  40  5:15  Probe  
  40  5:18  Pylon  
  40  5:21  Probe  
  42  5:24  Probe  
  42  5:25  Void Ray  
  48  5:29  Probe  
  48  5:32  Probe  
  49  5:40  Photon Cannon  
  49  5:41  Probe  
  49  5:42  Probe  
  51  5:43  Shield Battery  
  51  5:46  Shield Battery  
  51  5:48  Shield Battery  
  52  5:52  Photon Cannon  
  52  5:53  Probe  
  52  5:54  Probe  
  54  5:59  Pylon  
  54  6:05  Probe  
  54  6:08  Void Ray  
  59  6:17  Probe  
  60  6:29  Probe  
  61  6:35  Protoss Air Armor Level 1  
  61  6:36  Twilight Council  
  61  6:40  Fleet Beacon  
  61  6:41  Protoss Shields Level 1, Probe  
  61  6:44  Cybernetics Core  
  62  6:51  Pylon  
  62  6:53  Pylon  
  62  6:59  Stargate  
  62  7:01  Stargate  
  62  7:21  Nexus  
  62  7:39  Pylon  
  62  7:43  Pylon  
  62  7:47  Assimilator  
  62  7:51  Assimilator  
  62  7:52  Carrier  
  62  7:53  Carrier x2  
  80  8:03  Shield Battery  
  80  8:06  Shield Battery  
  80  8:08  Photon Cannon  
  80  8:10  Photon Cannon  
  80  8:13  Photon Cannon  
  80  8:20  Probe  
  81  8:33  Probe  
  82  8:35  Protoss Air Weapons Level 2  
  82  8:42  Protoss Air Armor Level 2  
  82  8:45  Probe  
  83  8:57  Probe, Protoss Shields Level 2  
  83  9:00  Nexus  
  90  9:02  Carrier  
  90  9:09  Probe  
  91  9:19  Pylon  
  91  9:23  Pylon  
  91  9:29  Assimilator  
  91  9:33  Assimilator  
  91  9:48  Probe  
  92  9:56  Probe  
  92  10:03  Carrier  
  92  10:04  Carrier  
  92  10:06  Probe  
  105  10:11  Probe  
  107  10:18  Probe  
  107  10:19  Probe  
  108  10:28  Probe  
  109  10:30  Probe  
  109  10:34  Probe  
  111  10:40  Probe  
  111  10:42  Probe x2  
  115  10:52  Probe x2  
  115  10:54  Probe  
  118  11:04  Probe  
  118  11:06  Shield Battery, Probe  
  118  11:08  Shield Battery  
  118  11:09  Photon Cannon  
  120  11:11  Photon Cannon  
  120  11:15  Photon Cannon  
  120  11:16  Probe  
  121  11:18  Probe  
  121  11:21  Carrier x3  
  132  12:01  Photon Cannon  
  132  12:05  Photon Cannon  
  132  12:07  Photon Cannon  
  132  12:09  Photon Cannon  
  132  12:11  Photon Cannon  
  132  12:15  Photon Cannon  
  132  12:25  Carrier x2  
  144  12:40  Carrier  
  150  13:05  Protoss Air Weapons Level 3  
  150  13:10  Protoss Air Armor Level 3  
  150  13:23  Nexus  
  150  13:29  Carrier  
  150  13:31  Protoss Shields Level 3  
  156  13:53  Pylon  
  140  14:03  Carrier  
  140  14:07  Carrier  
  112  14:33  Carrier  
  118  14:48  Probe  
  119  14:57  Assimilator  
  119  15:00  Probe  
  119  15:01  Probe  
  121  15:07  Carrier  
  121  15:12  Probe  
  121  15:13  Probe  
  129  15:22  Pylon  
  129  15:24  Probe  
  129  15:26  Pylon  
  130  15:36  Probe  
  131  15:48  Probe  
  132  15:53  Photon Cannon  
  132  15:56  Pylon  
  132  16:00  Carrier, Photon Cannon  
  132  16:01  Carrier  
  144  16:11  Carrier  
  150  16:26  Probe  
  151  16:34  Pylon  
  151  16:37  Pylon  
  151  16:38  Probe  
  151  16:39  Assimilator  
  152  16:42  Assimilator  
  152  16:50  Probe  
  153  17:00  Probe  
  154  17:02  Probe  
  154  17:04  Carrier  
  154  17:05  Carrier  
  167  17:12  Probe  
  167  17:14  Probe  
  169  17:16  Carrier  
  175  17:24  Probe  
  175  17:27  Nexus, Probe  
  176  17:35  Probe  
  185  17:37  Mothership  
  186  17:44  Probe  
  187  17:57  Probe  
  188  18:08  Carrier  
  188  18:09  Carrier, Probe  
  189  18:20  Carrier  
  189  18:23  Shield Battery  
  189  18:25  Shield Battery  
  195  18:27  Shield Battery  
  195  18:32  Photon Cannon  
  195  18:34  Photon Cannon  
  195  18:38  Photon Cannon  
  195  18:40  Photon Cannon  
  195  18:42  Photon Cannon  
  195  18:44  Photon Cannon  
  195  18:45  Photon Cannon  
  195  18:48  Photon Cannon  
  195  19:14  Probe  
  196  19:23  Pylon  
  196  19:26  Pylon, Probe  
  197  19:33  Assimilator  
  197  19:36  Assimilator  
  198  19:38  Probe  
  198  19:50  Probe  
  199  20:02  Probe  
Tags
 
Composition
Carriers
Matchup
PvZ
Opening
Pool First
Spawn Locations
Cross Positions
Add a new tag
Caveats
  • Supply blocks, unpowered buildings, or Contaminate may cause inaccurate times.
  • Supply counts are checked every 10 seconds.